AoeStats
← Olivenwald

Arena

509160626Analyzed
3v3 RM · 5d ago on Sep 25, 2026· 56m 25s· 6 players
Game mode
Random Map
Map size
Normal (6 player)
Population
200
Speed
Normal
Resources
Standard
Victory
Conquest
Starting age
Dark Age
Ending age
Imperial Age
RankedLock teamsTeams togetherTeam positionsShared explorationLock speedFull tech treeHidden civsTurbo modeCheats
Victory
Defeat
🇲🇽 Franks · Mexico
554
+13
🇧🇷 Khmer · Brazil
529
+14
🇨🇳 Saracens · China
441
+18
🇨🇦 Byzantines · Canada
550
-17
🇩🇪 Britons · Germany
489
-15
🇺🇸 Franks · United States
428
-13
DAZACO
11:25 Feudal Age
17:40 Castle Age
15:41 Double-Bit Axe
15:40 Horse Collar
15:56 Gold Mining
22:35 Heavy Plow
23:21 Wheelbarrow
28:43 Bow Saw
28:25 Stone Mining
29:15 Gold Shaft Mining
32:44 Imperial Age
30:28 Fortified Wall
32:19 Hand Cart
31:50 Loom
33:15 Murder Holes
34:28 Chemistry
33:49 Ballistics
34:01 Scale Barding Armor
34:07 Forging
33:48 Treadmill Crane
34:39 Elite Varangian Guard
35:22 Squires
35:10 Arson
36:18 Scale Mail Armor
39:05 Onager
39:55 Thumb Ring
39:12 Elite Skirmisher
39:23 Pikeman
40:38 Crossbowman
43:06 Logistica
44:00 Halberdier
Olivenwald
2:05 Loom
11:52 Feudal Age
12:19 Double-Bit Axe
12:19 Horse Collar
16:58 Wheelbarrow
21:48 Arson
22:39 Man-at-Arms
23:37 Gold Mining
27:32 Castle Age
26:06 Stone Mining
28:47 Heavy Plow
29:01 Bow Saw
30:20 Elite Skirmisher
30:22 Crossbowman
31:29 Fletching
31:41 Padded Archer Armor
31:53 Forging
31:43 Scale Mail Armor
31:52 Scale Barding Armor
32:32 Hand Cart
33:13 Squires
32:58 Gambesons
32:34 Long Swordsman
35:24 Pikeman
40:57 Imperial Age
39:44 Bodkin Arrow
40:06 Leather Archer Armor
40:27 Iron Casting
41:46 Capped Ram
42:07 Sappers
43:05 Conscription
44:46 Two-Handed Swordsman
46:03 Yeomen
47:28 Cranequins
49:48 Ballistics
50:10 Gold Shaft Mining
53:42 Chemistry
Treblax
12:12 Feudal Age
12:44 Double-Bit Axe
13:37 Wheelbarrow
13:34 Town Watch
15:10 Loom
17:39 Gold Mining
21:39 Castle Age
23:19 Bow Saw
23:18 Man-at-Arms
23:44 Gambesons
23:20 Pikeman
24:00 Squires
25:10 Husbandry
25:41 Forging
26:13 Gold Shaft Mining
26:45 Long Swordsman
27:51 Hand Cart
27:53 Caravan
29:03 Town Patrol
30:49 Arson
31:42 Iron Casting
32:26 Scale Barding Armor
32:16 Stone Mining
33:06 Coinage
36:16 Scale Mail Armor
36:38 Chain Barding Armor
38:38 Chain Mail Armor
44:43 Imperial Age
44:50 Elite Throwing Axeman
46:09 Hoardings
47:33 Halberdier
47:39 Cavalier
50:33 Blast Furnace
50:20 Elite Throwing Axeman
50:59 Two-Handed Swordsman
54:58 Padded Archer Armor
56:30 Hoardings
jose.rodarte
0:41 Loom
12:41 Feudal Age
14:00 Wheelbarrow
22:18 Double-Bit Axe
24:48 Stone Mining
24:48 Gold Mining
27:45 Castle Age
27:42 Arson
28:09 Forging
27:59 Scale Mail Armor
28:04 Scale Barding Armor
27:49 Fletching
27:59 Padded Archer Armor
31:04 Hand Cart
33:30 Bow Saw
35:48 Coinage
37:00 Caravan
40:31 Imperial Age
37:52 Town Watch
38:04 Treadmill Crane
38:35 Fortified Wall
38:21 Murder Holes
38:47 Ballistics
38:38 Masonry
39:42 Gold Shaft Mining
41:20 Iron Casting
41:00 Chain Mail Armor
41:05 Chain Barding Armor
40:40 Bodkin Arrow
41:00 Leather Archer Armor
42:17 Conscription
42:10 Chivalry
42:09 Cavalier
42:50 Husbandry
42:11 Light Cavalry
45:02 Chemistry
44:33 Architecture
43:33 Paladin
47:00 Blast Furnace
46:30 Plate Mail Armor
46:35 Plate Barding Armor
49:08 Hoardings
brunoaraujo
0:38 Loom
14:55 Feudal Age
16:27 Wheelbarrow
15:42 Double-Bit Axe
15:40 Horse Collar
16:29 Town Watch
17:21 Gold Mining
18:51 Stone Mining
27:38 Castle Age
28:43 Scale Barding Armor
29:17 Hand Cart
30:00 Bow Saw
29:53 Heavy Plow
30:44 Gold Shaft Mining
30:37 Chain Barding Armor
30:29 Forging
31:01 Stone Shaft Mining
34:07 Husbandry
34:20 Bloodlines
35:32 Sanctity
36:02 Caravan
38:00 Iron Casting
38:22 Masonry
39:36 Town Patrol
43:21 Imperial Age
41:36 Light Cavalry
42:33 Fervor
43:23 Tusk Swords
43:43 Fortified Wall
43:44 Scale Mail Armor
43:56 Cavalier
44:59 Conscription
45:18 Hoardings
44:43 Elite Ballista Elephant
48:03 Plate Barding Armor
48:29 Blast Furnace
48:12 Architecture
47:58 Double Crossbow
49:02 Crop Rotation
Cowhorse
10:08 Feudal Age
10:35 Double-Bit Axe
10:32 Horse Collar
18:46 Castle Age
17:44 Gold Mining
20:00 Bow Saw
20:26 Heavy Plow
23:41 Wheelbarrow
23:47 Forging
25:02 Hand Cart
26:50 Scale Barding Armor
28:45 Loom
28:46 Town Watch
29:08 Husbandry
29:19 Bloodlines
29:19 Caravan
33:40 Imperial Age
31:56 Light Cavalry
33:15 Iron Casting
33:54 Town Patrol
37:21 Conscription
38:32 Bimaristan
41:57 Two-Man Saw
41:26 Fervor
41:53 Theocracy
41:34 Block Printing
41:39 Sanctity
49:07 Hussar
50:49 Blast Furnace
50:10 Chain Barding Armor
49:42 Fletching
52:22 Elite Mameluke
Connection lost

Rejoining the realm…

Still unreachable

The connection could not be restored.

Session expired

The server has moved on; the page needs a fresh start.